Workbook
Name _ftn1: 'COTIZACIÓN- MACRO1'!#REF!
Name _ftn1: 'COTIZACIÓN- MACRO10'!#REF!
Name _ftn1: 'COTIZACIÓN- MACRO2'!#REF!
Name _ftn1: 'COTIZACIÓN- MACRO3'!#REF!
Name _ftn1: 'COTIZACIÓN- MACRO4'!#REF!
Name _ftn1: 'COTIZACIÓN- MACRO5'!#REF!
Name _ftn1: 'COTIZACIÓN- MACRO6'!#REF!
Name _ftn1: 'COTIZACIÓN- MACRO7'!#REF!
Name _ftn1: 'COTIZACIÓN- MACRO8'!#REF!
Name _ftn1: 'COTIZACIÓN- MACRO9'!#REF!
Name _ftn2: 'COTIZACIÓN- MACRO1'!#REF!
Name _ftn2: 'COTIZACIÓN- MACRO10'!#REF!
Name _ftn2: 'COTIZACIÓN- MACRO2'!#REF!
Name _ftn2: 'COTIZACIÓN- MACRO3'!#REF!
Name _ftn2: 'COTIZACIÓN- MACRO4'!#REF!
Name _ftn2: 'COTIZACIÓN- MACRO5'!#REF!
Name _ftn2: 'COTIZACIÓN- MACRO6'!#REF!
Name _ftn2: 'COTIZACIÓN- MACRO7'!#REF!
Name _ftn2: 'COTIZACIÓN- MACRO8'!#REF!
Name _ftn2: 'COTIZACIÓN- MACRO9'!#REF!
Name _ftn3: 'COTIZACIÓN- MACRO1'!#REF!
Name _ftn3: 'COTIZACIÓN- MACRO10'!#REF!
Name _ftn3: 'COTIZACIÓN- MACRO2'!#REF!
Name _ftn3: 'COTIZACIÓN- MACRO3'!#REF!
Name _ftn3: 'COTIZACIÓN- MACRO4'!#REF!
Name _ftn3: 'COTIZACIÓN- MACRO5'!#REF!
Name _ftn3: 'COTIZACIÓN- MACRO6'!#REF!
Name _ftn3: 'COTIZACIÓN- MACRO7'!#REF!
Name _ftn3: 'COTIZACIÓN- MACRO8'!#REF!
Name _ftn3: 'COTIZACIÓN- MACRO9'!#REF!
Name _ftnref1: 'COTIZACIÓN- MACRO1'!#REF!
Name _ftnref1: 'COTIZACIÓN- MACRO10'!#REF!
Name _ftnref1: 'COTIZACIÓN- MACRO2'!#REF!
Name _ftnref1: 'COTIZACIÓN- MACRO3'!#REF!
Name _ftnref1: 'COTIZACIÓN- MACRO4'!#REF!
Name _ftnref1: 'COTIZACIÓN- MACRO5'!#REF!
Name _ftnref1: 'COTIZACIÓN- MACRO6'!#REF!
Name _ftnref1: 'COTIZACIÓN- MACRO7'!#REF!
Name _ftnref1: 'COTIZACIÓN- MACRO8'!#REF!
Name _ftnref1: 'COTIZACIÓN- MACRO9'!#REF!
Name _ftnref2: 'COTIZACIÓN- MACRO1'!#REF!
Name _ftnref2: 'COTIZACIÓN- MACRO10'!#REF!
Name _ftnref2: 'COTIZACIÓN- MACRO2'!#REF!
Name _ftnref2: 'COTIZACIÓN- MACRO3'!#REF!
Name _ftnref2: 'COTIZACIÓN- MACRO4'!#REF!
Name _ftnref2: 'COTIZACIÓN- MACRO5'!#REF!
Name _ftnref2: 'COTIZACIÓN- MACRO6'!#REF!
Name _ftnref2: 'COTIZACIÓN- MACRO7'!#REF!
Name _ftnref2: 'COTIZACIÓN- MACRO8'!#REF!
Name _ftnref2: 'COTIZACIÓN- MACRO9'!#REF!
Name _ftnref3: 'COTIZACIÓN- MACRO1'!#REF!
Name _ftnref3: 'COTIZACIÓN- MACRO10'!#REF!
Name _ftnref3: 'COTIZACIÓN- MACRO2'!#REF!
Name _ftnref3: 'COTIZACIÓN- MACRO3'!#REF!
Name _ftnref3: 'COTIZACIÓN- MACRO4'!#REF!
Name _ftnref3: 'COTIZACIÓN- MACRO5'!#REF!
Name _ftnref3: 'COTIZACIÓN- MACRO6'!#REF!
Name _ftnref3: 'COTIZACIÓN- MACRO7'!#REF!
Name _ftnref3: 'COTIZACIÓN- MACRO8'!#REF!
Name _ftnref3: 'COTIZACIÓN- MACRO9'!#REF!

Sheet COTIZACIÓN- MACRO1
B8: FORMATO DE COTIZACIÓN
B9: Fecha: | D9: Empresa: | F9: Cargo: | H9: E-Mail:
B10: Nit: | D10: Contacto: | F10: Dirección: | H10: Tel. celular y fijo:
B12: Instrucciones para el diligenciamiento del formato de cotización
B13: • Por favor diligenciar solo las celdas en AMARILLO. • Asignar precio sin incluir el IVA en las celdas de la columna "G" y asignar la tarifa de IVA que corresponda en las celdas de la columna "F" • El valor de la cotización deber ser expresado en PESOS COLOMBIANOS. • Los valores unitarios deberán aproximarse por exceso o por defecto al entero más cercano. Si la cifra no está aproximada y aparece con centavos, el ICBF aproximará al entero inferior. • No modificar, agregar o quitar ningún ítem o sub-ítem.
B15: AIRE ACONDICIONADO -MACRO1
B16: Ítem | C16: Descripción | E16: Cantidad | F16: Tarifa IVA % | G16: Valor unitario antes de IVA | H16: Valor unitario IVA Incluido | I16: Valor Total IVA Incluido
B17: 1 | C17: SPLIT DE 12.000 BTU | E17: 55 | H17: =ROUND(G17*(1+F17),0) -> 0 | I17: =+H17*E17 -> 0
B18: 2 | C18: SPLIT DE 18.000 BTU | E18: 5 | H18: =ROUND(G18*(1+F18),0) -> 0 | I18: =+H18*E18 -> 0
B19: 3 | C19: SPLIT DE 24.000 BTU | E19: 2 | H19: =ROUND(G19*(1+F19),0) -> 0 | I19: =+H19*E19 -> 0
B20: TOTAL | I20: =SUM(I17:I19) -> 0
B22: La presente cotización:
B23: • Incluye todos los costos y gastos directos e indirectos en que debe incurrir el contratista durante la ejecución del contrato de acuerdo con las especificaciones de la Ficha de Condiciones Técnicas, las obligaciones tributarias de acuerdo con las normas aplicables para el tipo de servicio y contrato correspondiente, y los costos de las pólizas. • Se remite como parte del estudio de mercado, previo a la contratación, y no implica ninguna obligación de contratar. • Tiene una vigencia de 90 días a partir de la fecha de diligenciamiento.
B24: Inscripción en el Registro Único de Proponentes: Las personas naturales y jurídicas, nacionales o extranjeras, con domicilio en Colombia, interesadas en participar en procesos de contratación convocados por las entidades estatales, deben estar inscritas en el RUP, salvo las excepciones previstas de forma taxativa en la ley (Artículo 8 del Decreto 1510 de 2013). Se aclara que esta inscripción no se requiere para remitir cotización durante el estudio de mercado.

Sheet COTIZACIÓN- MACRO2
B8: FORMATO DE COTIZACIÓN
B9: Fecha: | D9: Empresa: | G9: Cargo: | I9: E-Mail:
B10: Nit: | D10: Contacto: | G10: Dirección: | I10: Tel. celular y fijo:
B12: Instrucciones para el diligenciamiento del formato de cotización
B13: • Por favor diligenciar solo las celdas en AMARILLO. • Asignar precio sin incluir el IVA en las celdas de la columna "I" y asignar la tarifa de IVA que corresponda en las celdas de la columna "H" • El valor de la cotización deber ser expresado en PESOS COLOMBIANOS. • Los valores unitarios deberán aproximarse por exceso o por defecto al entero más cercano. Si la cifra no está aproximada y aparece con centavos, el ICBF aproximará al entero inferior. • No modificar, agregar o quitar ningún ítem o sub-ítem.
B15: AIRE ACONDICIONADO-MACRO2
B16: Ítem | C16: Descripción | E16: Ubicación | G16: Cantidad | H16: Tarifa IVA % | I16: Valor unitario antes de IVA | J16: Valor unitario IVA Incluido | K16: Valor Total IVA Incluido
B17: 1 | C17: SPLIT DE 9.000 BTU | E17: Ciudad Capital | G17: 32 | J17: =ROUND(I17*(1+H17),0) -> 0 | K17: =+J17*G17 -> 0
B18: 2 | C18: SPLIT DE 9.000 BTU | E18: Otros municipios | G18: 7 | J18: =ROUND(I18*(1+H18),0) -> 0 | K18: =+J18*G18 -> 0
B19: 3 | C19: SPLIT DE 12.000 BTU | E19: Ciudad Capital | G19: 29 | J19: =ROUND(I19*(1+H19),0) -> 0 | K19: =+J19*G19 -> 0
B20: 4 | C20: SPLIT DE 12.000 BTU | E20: Otros municipios | G20: 8 | J20: =ROUND(I20*(1+H20),0) -> 0 | K20: =+J20*G20 -> 0
B21: 5 | C21: SPLIT DE 18.000 BTU | E21: Ciudad Capital | G21: 6 | J21: =ROUND(I21*(1+H21),0) -> 0 | K21: =+J21*G21 -> 0
B22: 6 | C22: SPLIT DE 18.000 BTU | E22: Otros municipios | G22: 8 | J22: =ROUND(I22*(1+H22),0) -> 0 | K22: =+J22*G22 -> 0
B23: 7 | C23: SPLIT DE 24.000 BTU | E23: Ciudad Capital | G23: 6 | J23: =ROUND(I23*(1+H23),0) -> 0 | K23: =+J23*G23 -> 0
B24: 8 | C24: SPLIT DE 36.000 BTU | E24: Otros municipios | G24: 3 | J24: =ROUND(I24*(1+H24),0) -> 0 | K24: =+J24*G24 -> 0
B25: 9 | C25: PISO/TECHO DE 48.000 BTU | E25: Ciudad Capital | G25: 1 | J25: =ROUND(I25*(1+H25),0) -> 0 | K25: =+J25*G25 -> 0
B26: 10 | C26: PISO/TECHO DE 48.000 BTU | E26: Otros municipios | G26: 1 | J26: =ROUND(I26*(1+H26),0) -> 0 | K26: =+J26*G26 -> 0
B27: TOTAL | K27: =SUM(K17:K26) -> 0
B29: La presente cotización:
B30: • Incluye todos los costos y gastos directos e indirectos en que debe incurrir el contratista durante la ejecución del contrato de acuerdo con las especificaciones de la Ficha de Condiciones Técnicas, las obligaciones tributarias de acuerdo con las normas aplicables para el tipo de servicio y contrato correspondiente, y los costos de las pólizas. • Se remite como parte del estudio de mercado, previo a la contratación, y no implica ninguna obligación de contratar. • Tiene una vigencia de 90 días a partir de la fecha de diligenciamiento.
B31: Inscripción en el Registro Único de Proponentes: Las personas naturales y jurídicas, nacionales o extranjeras, con domicilio en Colombia, interesadas en participar en procesos de contratación convocados por las entidades estatales, deben estar inscritas en el RUP, salvo las excepciones previstas de forma taxativa en la ley (Artículo 8 del Decreto 1510 de 2013). Se aclara que esta inscripción no se requiere para remitir cotización durante el estudio de mercado.

Sheet COTIZACIÓN- MACRO3
B8: FORMATO DE COTIZACIÓN
B9: Fecha: | D9: Empresa: | G9: Cargo: | I9: E-Mail:
B10: Nit: | D10: Contacto: | G10: Dirección: | I10: Tel. celular y fijo:
B12: Instrucciones para el diligenciamiento del formato de cotización
B13: • Por favor diligenciar solo las celdas en AMARILLO. • Asignar precio sin incluir el IVA en las celdas de la columna "I" y asignar la tarifa de IVA que corresponda en las celdas de la columna "H" • El valor de la cotización deber ser expresado en PESOS COLOMBIANOS. • Los valores unitarios deberán aproximarse por exceso o por defecto al entero más cercano. Si la cifra no está aproximada y aparece con centavos, el ICBF aproximará al entero inferior. • No modificar, agregar o quitar ningún ítem o sub-ítem.
B15: AIRE ACONDICIONADO-MACRO3
B16: Ítem | C16: Descripción | E16: Ubicación | G16: Cantidad | H16: Tarifa IVA % | I16: Valor unitario antes de IVA | J16: Valor unitario IVA Incluido | K16: Valor Total IVA Incluido
B17: 1 | C17: SPLIT DE 9.000 BTU | E17: Ciudad Capital | G17: 5 | J17: =ROUND(I17*(1+H17),0) -> 0 | K17: =+J17*G17 -> 0
B18: 2 | C18: SPLIT DE 9.000 BTU | E18: Otros municipios | G18: =14-5 -> 9 | J18: =ROUND(I18*(1+H18),0) -> 0 | K18: =+J18*G18 -> 0
B19: 3 | C19: SPLIT DE 12.000 BTU | E19: Ciudad Capital | G19: 32 | J19: =ROUND(I19*(1+H19),0) -> 0 | K19: =+J19*G19 -> 0
B20: 4 | C20: SPLIT DE 12.000 BTU | E20: Otros municipios | G20: =40-32 -> 8 | J20: =ROUND(I20*(1+H20),0) -> 0 | K20: =+J20*G20 -> 0
B21: 5 | C21: SPLIT DE 18.000 BTU | E21: Ciudad Capital | G21: 4 | J21: =ROUND(I21*(1+H21),0) -> 0 | K21: =+J21*G21 -> 0
B22: 6 | C22: SPLIT DE 18.000 BTU | E22: Otros municipios | G22: 2 | J22: =ROUND(I22*(1+H22),0) -> 0 | K22: =+J22*G22 -> 0
B23: 7 | C23: SPLIT DE 24.000 BTU | E23: Ciudad Capital | G23: 2 | J23: =ROUND(I23*(1+H23),0) -> 0 | K23: =+J23*G23 -> 0
B24: 8 | C24: SPLIT DE 24.000 BTU | E24: Otros municipios | G24: 5 | J24: =ROUND(I24*(1+H24),0) -> 0 | K24: =+J24*G24 -> 0
B25: 9 | C25: SPLIT DE 36.000 BTU | E25: Ciudad Capital | G25: 4 | J25: =ROUND(I25*(1+H25),0) -> 0 | K25: =+J25*G25 -> 0
B26: 10 | C26: SPLIT DE 36.000 BTU | E26: Otros municipios | G26: 2 | J26: =ROUND(I26*(1+H26),0) -> 0 | K26: =+J26*G26 -> 0
B27: 11 | C27: PISO/TECHO DE 60.000 BTU | E27: Ciudad Capital | G27: 8 | J27: =ROUND(I27*(1+H27),0) -> 0 | K27: =+J27*G27 -> 0
B28: TOTAL | K28: =SUM(K17:K27) -> 0
B30: La presente cotización:
B31: • Incluye todos los costos y gastos directos e indirectos en que debe incurrir el contratista durante la ejecución del contrato de acuerdo con las especificaciones de la Ficha de Condiciones Técnicas, las obligaciones tributarias de acuerdo con las normas aplicables para el tipo de servicio y contrato correspondiente, y los costos de las pólizas. • Se remite como parte del estudio de mercado, previo a la contratación, y no implica ninguna obligación de contratar. • Tiene una vigencia de 90 días a partir de la fecha de diligenciamiento.
B32: Inscripción en el Registro Único de Proponentes: Las personas naturales y jurídicas, nacionales o extranjeras, con domicilio en Colombia, interesadas en participar en procesos de contratación convocados por las entidades estatales, deben estar inscritas en el RUP, salvo las excepciones previstas de forma taxativa en la ley (Artículo 8 del Decreto 1510 de 2013). Se aclara que esta inscripción no se requiere para remitir cotización durante el estudio de mercado.

Sheet COTIZACIÓN- MACRO4
B8: FORMATO DE COTIZACIÓN
B9: Fecha: | D9: Empresa: | F9: Cargo: | H9: E-Mail:
B10: Nit: | D10: Contacto: | F10: Dirección: | H10: Tel. celular y fijo:
B12: Instrucciones para el diligenciamiento del formato de cotización
B13: • Por favor diligenciar solo las celdas en AMARILLO. • Asignar precio sin incluir el IVA en las celdas de la columna "G" y asignar la tarifa de IVA que corresponda en las celdas de la columna "F" • El valor de la cotización deber ser expresado en PESOS COLOMBIANOS. • Los valores unitarios deberán aproximarse por exceso o por defecto al entero más cercano. Si la cifra no está aproximada y aparece con centavos, el ICBF aproximará al entero inferior. • No modificar, agregar o quitar ningún ítem o sub-ítem.
B15: AIRE ACONDICIONADO-MACRO4
B16: Ítem | C16: Descripción | E16: Cantidad | F16: Tarifa IVA % | G16: Valor unitario antes de IVA | H16: Valor unitario IVA Incluido | I16: Valor Total IVA Incluido
B17: 1 | C17: SPLIT DE 9.000 BTU | E17: 55 | H17: =ROUND(G17*(1+F17),0) -> 0 | I17: =+H17*E17 -> 0
B18: 2 | C18: SPLIT DE 12.000 BTU | E18: 33 | H18: =ROUND(G18*(1+F18),0) -> 0 | I18: =+H18*E18 -> 0
B19: 3 | C19: SPLIT DE 18.000 BTU | E19: 5 | H19: =ROUND(G19*(1+F19),0) -> 0 | I19: =+H19*E19 -> 0
B20: 4 | C20: SPLIT DE 24.000 BTU | E20: 9 | H20: =ROUND(G20*(1+F20),0) -> 0 | I20: =+H20*E20 -> 0
B21: 5 | C21: SPLIT DE 36.000 BTU | E21: 3 | H21: =ROUND(G21*(1+F21),0) -> 0 | I21: =+H21*E21 -> 0
B22: 6 | C22: PISO/TECHO DE 48.000 BTU | E22: 2 | H22: =ROUND(G22*(1+F22),0) -> 0 | I22: =+H22*E22 -> 0
B23: TOTAL | I23: =SUM(I17:I22) -> 0
B25: La presente cotización:
B26: • Incluye todos los costos y gastos directos e indirectos en que debe incurrir el contratista durante la ejecución del contrato de acuerdo con las especificaciones de la Ficha de Condiciones Técnicas, las obligaciones tributarias de acuerdo con las normas aplicables para el tipo de servicio y contrato correspondiente, y los costos de las pólizas. • Se remite como parte del estudio de mercado, previo a la contratación, y no implica ninguna obligación de contratar. • Tiene una vigencia de 90 días a partir de la fecha de diligenciamiento.
B27: Inscripción en el Registro Único de Proponentes: Las personas naturales y jurídicas, nacionales o extranjeras, con domicilio en Colombia, interesadas en participar en procesos de contratación convocados por las entidades estatales, deben estar inscritas en el RUP, salvo las excepciones previstas de forma taxativa en la ley (Artículo 8 del Decreto 1510 de 2013). Se aclara que esta inscripción no se requiere para remitir cotización durante el estudio de mercado.

Sheet COTIZACIÓN- MACRO5
B8: FORMATO DE COTIZACIÓN
B9: Fecha: | D9: Empresa: | F9: Cargo: | H9: E-Mail:
B10: Nit: | D10: Contacto: | F10: Dirección: | H10: Tel. celular y fijo:
B12: Instrucciones para el diligenciamiento del formato de cotización
B13: • Por favor diligenciar solo las celdas en AMARILLO. • Asignar precio sin incluir el IVA en las celdas de la columna "G" y asignar la tarifa de IVA que corresponda en las celdas de la columna "F" • El valor de la cotización deber ser expresado en PESOS COLOMBIANOS. • Los valores unitarios deberán aproximarse por exceso o por defecto al entero más cercano. Si la cifra no está aproximada y aparece con centavos, el ICBF aproximará al entero inferior. • No modificar, agregar o quitar ningún ítem o sub-ítem.
B15: AIRE ACONDICIONADO-MACRO5
B16: Ítem | C16: Descripción | E16: Cantidad | F16: Tarifa IVA % | G16: Valor unitario antes de IVA | H16: Valor unitario IVA Incluido | I16: Valor Total IVA Incluido
B17: 1 | C17: SPLIT DE 9.000 BTU | E17: 80 | H17: =ROUND(G17*(1+F17),0) -> 0 | I17: =+H17*E17 -> 0
B18: 2 | C18: SPLIT DE 12.000 BTU | E18: 61 | H18: =ROUND(G18*(1+F18),0) -> 0 | I18: =+H18*E18 -> 0
B19: 3 | C19: SPLIT DE 18.000 BTU | E19: 13 | H19: =ROUND(G19*(1+F19),0) -> 0 | I19: =+H19*E19 -> 0
B20: 4 | C20: SPLIT DE 24.000 BTU | E20: 8 | H20: =ROUND(G20*(1+F20),0) -> 0 | I20: =+H20*E20 -> 0
B21: 5 | C21: SPLIT DE 36.000 BTU | E21: 1 | H21: =ROUND(G21*(1+F21),0) -> 0 | I21: =+H21*E21 -> 0
B22: TOTAL | I22: =SUM(I17:I21) -> 0
B24: La presente cotización:
B25: • Incluye todos los costos y gastos directos e indirectos en que debe incurrir el contratista durante la ejecución del contrato de acuerdo con las especificaciones de la Ficha de Condiciones Técnicas, las obligaciones tributarias de acuerdo con las normas aplicables para el tipo de servicio y contrato correspondiente, y los costos de las pólizas. • Se remite como parte del estudio de mercado, previo a la contratación, y no implica ninguna obligación de contratar. • Tiene una vigencia de 90 días a partir de la fecha de diligenciamiento.
B26: Inscripción en el Registro Único de Proponentes: Las personas naturales y jurídicas, nacionales o extranjeras, con domicilio en Colombia, interesadas en participar en procesos de contratación convocados por las entidades estatales, deben estar inscritas en el RUP, salvo las excepciones previstas de forma taxativa en la ley (Artículo 8 del Decreto 1510 de 2013). Se aclara que esta inscripción no se requiere para remitir cotización durante el estudio de mercado.

Sheet COTIZACIÓN- MACRO6
B8: FORMATO DE COTIZACIÓN
B9: Fecha: | D9: Empresa: | F9: Cargo: | H9: E-Mail:
B10: Nit: | D10: Contacto: | F10: Dirección: | H10: Tel. celular y fijo:
B12: Instrucciones para el diligenciamiento del formato de cotización
B13: • Por favor diligenciar solo las celdas en AMARILLO. • Asignar precio sin incluir el IVA en las celdas de la columna "G" y asignar la tarifa de IVA que corresponda en las celdas de la columna "F" • El valor de la cotización deber ser expresado en PESOS COLOMBIANOS. • Los valores unitarios deberán aproximarse por exceso o por defecto al entero más cercano. Si la cifra no está aproximada y aparece con centavos, el ICBF aproximará al entero inferior. • No modificar, agregar o quitar ningún ítem o sub-ítem.
B15: AIRE ACONDICIONADO-MACRO6
B16: Ítem | C16: Descripción | E16: Cantidad | F16: Tarifa IVA % | G16: Valor unitario antes de IVA | H16: Valor unitario IVA Incluido | I16: Valor Total IVA Incluido
B17: 1 | C17: SPLIT DE 9.000 BTU | E17: 17 | H17: =ROUND(G17*(1+F17),0) -> 0 | I17: =+H17*E17 -> 0
B18: 2 | C18: SPLIT DE 12.000 BTU | E18: 32 | H18: =ROUND(G18*(1+F18),0) -> 0 | I18: =+H18*E18 -> 0
B19: 3 | C19: SPLIT DE 18.000 BTU | E19: 7 | H19: =ROUND(G19*(1+F19),0) -> 0 | I19: =+H19*E19 -> 0
B20: 4 | C20: SPLIT DE 24.000 BTU | E20: 3 | H20: =ROUND(G20*(1+F20),0) -> 0 | I20: =+H20*E20 -> 0
B21: 5 | C21: SPLIT DE 36.000 BTU | E21: 2 | H21: =ROUND(G21*(1+F21),0) -> 0 | I21: =+H21*E21 -> 0
B22: 6 | C22: PISO/TECHO DE 48.000 BTU | E22: 2 | H22: =ROUND(G22*(1+F22),0) -> 0 | I22: =+H22*E22 -> 0
B23: 7 | C23: PISO/TECHO DE 60.000 BTU | E23: 1 | H23: =ROUND(G23*(1+F23),0) -> 0 | I23: =+H23*E23 -> 0
B24: TOTAL | I24: =SUM(I17:I23) -> 0
B26: La presente cotización:
B27: • Incluye todos los costos y gastos directos e indirectos en que debe incurrir el contratista durante la ejecución del contrato de acuerdo con las especificaciones de la Ficha de Condiciones Técnicas, las obligaciones tributarias de acuerdo con las normas aplicables para el tipo de servicio y contrato correspondiente, y los costos de las pólizas. • Se remite como parte del estudio de mercado, previo a la contratación, y no implica ninguna obligación de contratar. • Tiene una vigencia de 90 días a partir de la fecha de diligenciamiento.
B28: Inscripción en el Registro Único de Proponentes: Las personas naturales y jurídicas, nacionales o extranjeras, con domicilio en Colombia, interesadas en participar en procesos de contratación convocados por las entidades estatales, deben estar inscritas en el RUP, salvo las excepciones previstas de forma taxativa en la ley (Artículo 8 del Decreto 1510 de 2013). Se aclara que esta inscripción no se requiere para remitir cotización durante el estudio de mercado.

Sheet COTIZACIÓN- MACRO7
B8: FORMATO DE COTIZACIÓN
B9: Fecha: | D9: Empresa: | F9: Cargo: | H9: E-Mail:
B10: Nit: | D10: Contacto: | F10: Dirección: | H10: Tel. celular y fijo:
B12: Instrucciones para el diligenciamiento del formato de cotización
B13: • Por favor diligenciar solo las celdas en AMARILLO. • Asignar precio sin incluir el IVA en las celdas de la columna "G" y asignar la tarifa de IVA que corresponda en las celdas de la columna "F" • El valor de la cotización deber ser expresado en PESOS COLOMBIANOS. • Los valores unitarios deberán aproximarse por exceso o por defecto al entero más cercano. Si la cifra no está aproximada y aparece con centavos, el ICBF aproximará al entero inferior. • No modificar, agregar o quitar ningún ítem o sub-ítem.
B15: AIRE ACONDICIONADO-MACRO7
B16: Ítem | C16: Descripción | E16: Cantidad | F16: Tarifa IVA % | G16: Valor unitario antes de IVA | H16: Valor unitario IVA Incluido | I16: Valor Total IVA Incluido
B17: 1 | C17: SPLIT DE 12.000 BTU | E17: 99 | H17: =ROUND(G17*(1+F17),0) -> 0 | I17: =+H17*E17 -> 0
B18: 2 | C18: SPLIT DE 18.000 BTU | E18: 1 | H18: =ROUND(G18*(1+F18),0) -> 0 | I18: =+H18*E18 -> 0
B19: 3 | C19: SPLIT DE 24.000 BTU | E19: 13 | H19: =ROUND(G19*(1+F19),0) -> 0 | I19: =+H19*E19 -> 0
B20: 4 | C20: PISO/TECHO DE 48.000 BTU | E20: 1 | H20: =ROUND(G20*(1+F20),0) -> 0 | I20: =ROUND(H20*(1+G20),0) -> 0
B21: TOTAL | I21: =SUM(I17:I20) -> 0
B23: La presente cotización:
B24: • Incluye todos los costos y gastos directos e indirectos en que debe incurrir el contratista durante la ejecución del contrato de acuerdo con las especificaciones de la Ficha de Condiciones Técnicas, las obligaciones tributarias de acuerdo con las normas aplicables para el tipo de servicio y contrato correspondiente, y los costos de las pólizas. • Se remite como parte del estudio de mercado, previo a la contratación, y no implica ninguna obligación de contratar. • Tiene una vigencia de 90 días a partir de la fecha de diligenciamiento.
B25: Inscripción en el Registro Único de Proponentes: Las personas naturales y jurídicas, nacionales o extranjeras, con domicilio en Colombia, interesadas en participar en procesos de contratación convocados por las entidades estatales, deben estar inscritas en el RUP, salvo las excepciones previstas de forma taxativa en la ley (Artículo 8 del Decreto 1510 de 2013). Se aclara que esta inscripción no se requiere para remitir cotización durante el estudio de mercado.

Sheet COTIZACIÓN- MACRO8
B8: FORMATO DE COTIZACIÓN
B9: Fecha: | D9: Empresa: | F9: Cargo: | H9: E-Mail:
B10: Nit: | D10: Contacto: | F10: Dirección: | H10: Tel. celular y fijo:
B12: Instrucciones para el diligenciamiento del formato de cotización
B13: • Por favor diligenciar solo las celdas en AMARILLO. • Asignar precio sin incluir el IVA en las celdas de la columna "G" y asignar la tarifa de IVA que corresponda en las celdas de la columna "F" • El valor de la cotización deber ser expresado en PESOS COLOMBIANOS. • Los valores unitarios deberán aproximarse por exceso o por defecto al entero más cercano. Si la cifra no está aproximada y aparece con centavos, el ICBF aproximará al entero inferior. • No modificar, agregar o quitar ningún ítem o sub-ítem.
B15: AIRE ACONDICIONADO-MACRO8
B16: Ítem | C16: Descripción | E16: Cantidad | F16: Tarifa IVA % | G16: Valor unitario antes de IVA | H16: Valor unitario IVA Incluido | I16: Valor Total IVA Incluido
B17: 1 | C17: SPLIT DE 9.000 BTU | E17: 12 | H17: =ROUND(G17*(1+F17),0) -> 0 | I17: =+H17*E17 -> 0
B18: 2 | C18: SPLIT DE 12.000 BTU | E18: 30 | H18: =ROUND(G18*(1+F18),0) -> 0 | I18: =+H18*E18 -> 0
B19: 3 | C19: SPLIT DE 18.000 BTU | E19: 15 | H19: =ROUND(G19*(1+F19),0) -> 0 | I19: =+H19*E19 -> 0
B20: 4 | C20: SPLIT DE 24.000 BTU | E20: 4 | H20: =ROUND(G20*(1+F20),0) -> 0 | I20: =+H20*E20 -> 0
B21: 5 | C21: SPLIT DE 36.000 BTU | E21: 3 | H21: =ROUND(G21*(1+F21),0) -> 0 | I21: =+H21*E21 -> 0
B22: 6 | C22: PISO/TECHO DE 48.000 BTU | E22: 1 | H22: =ROUND(G22*(1+F22),0) -> 0 | I22: =+H22*E22 -> 0
B23: TOTAL | I23: =SUM(I17:I22) -> 0
B25: La presente cotización:
B26: • Incluye todos los costos y gastos directos e indirectos en que debe incurrir el contratista durante la ejecución del contrato de acuerdo con las especificaciones de la Ficha de Condiciones Técnicas, las obligaciones tributarias de acuerdo con las normas aplicables para el tipo de servicio y contrato correspondiente, y los costos de las pólizas. • Se remite como parte del estudio de mercado, previo a la contratación, y no implica ninguna obligación de contratar. • Tiene una vigencia de 90 días a partir de la fecha de diligenciamiento.
B27: Inscripción en el Registro Único de Proponentes: Las personas naturales y jurídicas, nacionales o extranjeras, con domicilio en Colombia, interesadas en participar en procesos de contratación convocados por las entidades estatales, deben estar inscritas en el RUP, salvo las excepciones previstas de forma taxativa en la ley (Artículo 8 del Decreto 1510 de 2013). Se aclara que esta inscripción no se requiere para remitir cotización durante el estudio de mercado.

Sheet COTIZACIÓN- MACRO9
B8: FORMATO DE COTIZACIÓN
B9: Fecha: | D9: Empresa: | F9: Cargo: | H9: E-Mail:
B10: Nit: | D10: Contacto: | F10: Dirección: | H10: Tel. celular y fijo:
B12: Instrucciones para el diligenciamiento del formato de cotización
B13: • Por favor diligenciar solo las celdas en AMARILLO. • Asignar precio sin incluir el IVA en las celdas de la columna "G" y asignar la tarifa de IVA que corresponda en las celdas de la columna "F" • El valor de la cotización deber ser expresado en PESOS COLOMBIANOS. • Los valores unitarios deberán aproximarse por exceso o por defecto al entero más cercano. Si la cifra no está aproximada y aparece con centavos, el ICBF aproximará al entero inferior. • No modificar, agregar o quitar ningún ítem o sub-ítem.
B15: AIRE ACONDICIONADO-MACRO9
B16: Ítem | C16: Descripción | E16: Cantidad | F16: Tarifa IVA % | G16: Valor unitario antes de IVA | H16: Valor unitario IVA Incluido | I16: Valor Total IVA Incluido
B17: 1 | C17: SPLIT DE 9.000 BTU | E17: 43 | H17: =ROUND(G17*(1+F17),0) -> 0 | I17: =+H17*E17 -> 0
B18: 2 | C18: SPLIT DE 12.000 BTU | E18: 30 | H18: =ROUND(G18*(1+F18),0) -> 0 | I18: =+H18*E18 -> 0
B19: 3 | C19: SPLIT DE 18.000 BTU | E19: 4 | H19: =ROUND(G19*(1+F19),0) -> 0 | I19: =+H19*E19 -> 0
B20: 4 | C20: SPLIT DE 24.000 BTU | E20: 24 | H20: =ROUND(G20*(1+F20),0) -> 0 | I20: =+H20*E20 -> 0
B21: 6 | C21: PISO/TECHO DE 60.000 BTU | E21: 1 | H21: =ROUND(G21*(1+F21),0) -> 0 | I21: =+H21*E21 -> 0
B22: TOTAL | I22: =SUM(I17:I21) -> 0
B24: La presente cotización:
B25: • Incluye todos los costos y gastos directos e indirectos en que debe incurrir el contratista durante la ejecución del contrato de acuerdo con las especificaciones de la Ficha de Condiciones Técnicas, las obligaciones tributarias de acuerdo con las normas aplicables para el tipo de servicio y contrato correspondiente, y los costos de las pólizas. • Se remite como parte del estudio de mercado, previo a la contratación, y no implica ninguna obligación de contratar. • Tiene una vigencia de 90 días a partir de la fecha de diligenciamiento.
B26: Inscripción en el Registro Único de Proponentes: Las personas naturales y jurídicas, nacionales o extranjeras, con domicilio en Colombia, interesadas en participar en procesos de contratación convocados por las entidades estatales, deben estar inscritas en el RUP, salvo las excepciones previstas de forma taxativa en la ley (Artículo 8 del Decreto 1510 de 2013). Se aclara que esta inscripción no se requiere para remitir cotización durante el estudio de mercado.

Sheet COTIZACIÓN- MACRO10
B8: FORMATO DE COTIZACIÓN
B9: Fecha: | D9: Empresa: | F9: Cargo: | H9: E-Mail:
B10: Nit: | D10: Contacto: | F10: Dirección: | H10: Tel. celular y fijo:
B12: Instrucciones para el diligenciamiento del formato de cotización
B13: • Por favor diligenciar solo las celdas en AMARILLO. • Asignar precio sin incluir el IVA en las celdas de la columna "G" y asignar la tarifa de IVA que corresponda en las celdas de la columna "F" • El valor de la cotización deber ser expresado en PESOS COLOMBIANOS. • Los valores unitarios deberán aproximarse por exceso o por defecto al entero más cercano. Si la cifra no está aproximada y aparece con centavos, el ICBF aproximará al entero inferior. • No modificar, agregar o quitar ningún ítem o sub-ítem.
B15: AIRE ACONDICIONADO-MACRO10
B16: Ítem | C16: Descripción | E16: Cantidad | F16: Tarifa IVA % | G16: Valor unitario antes de IVA | H16: Valor unitario IVA Incluido | I16: Valor Total IVA Incluido
B17: 1 | C17: SPLIT DE 9.000 BTU | E17: 8 | H17: =ROUND(G17*(1+F17),0) -> 0 | I17: =+H17*E17 -> 0
B18: 2 | C18: SPLIT DE 12.000 BTU | E18: 4 | H18: =ROUND(G18*(1+F18),0) -> 0 | I18: =+H18*E18 -> 0
B19: 3 | C19: SPLIT DE 18.000 BTU | E19: 11 | H19: =ROUND(G19*(1+F19),0) -> 0 | I19: =+H19*E19 -> 0
C20: SPLIT DE 24.000 BTU | E20: 4 | H20: =ROUND(G20*(1+F20),0) -> 0 | I20: =+H20*E20 -> 0
B21: 4 | C21: SPLIT DE 36.000 BTU | E21: 1 | H21: =ROUND(G21*(1+F21),0) -> 0 | I21: =+H21*E21 -> 0
B22: 5 | C22: PISO/TECHO DE 48.000 BTU | E22: 3 | H22: =ROUND(G22*(1+F22),0) -> 0 | I22: =+H22*E22 -> 0
B23: TOTAL | I23: =SUM(I17:I22) -> 0
B25: La presente cotización:
B26: • Incluye todos los costos y gastos directos e indirectos en que debe incurrir el contratista durante la ejecución del contrato de acuerdo con las especificaciones de la Ficha de Condiciones Técnicas, las obligaciones tributarias de acuerdo con las normas aplicables para el tipo de servicio y contrato correspondiente, y los costos de las pólizas. • Se remite como parte del estudio de mercado, previo a la contratación, y no implica ninguna obligación de contratar. • Tiene una vigencia de 90 días a partir de la fecha de diligenciamiento.
B27: Inscripción en el Registro Único de Proponentes: Las personas naturales y jurídicas, nacionales o extranjeras, con domicilio en Colombia, interesadas en participar en procesos de contratación convocados por las entidades estatales, deben estar inscritas en el RUP, salvo las excepciones previstas de forma taxativa en la ley (Artículo 8 del Decreto 1510 de 2013). Se aclara que esta inscripción no se requiere para remitir cotización durante el estudio de mercado.

Sheet INFO GENERAL Y FINANCIERA
B8: Formato Información General Y Financiera De Proveedores
B10: Ciudad | M10: Fecha Dd/mm/aa | AD10: Persona Natural
AD11: Persona Jurídica
B12: 1. Información General
B13: 1.1. Identificación.
B14: Personas naturales | F14: Nombre Comercial | U14: Nombres y Apellidos | AK14: Cédula
B16: Personas jurídicas | F16: Razón Social | U16: NIT | AK16: DV
B18: Dirección | U18: Teléfono | AD18: Fax | AK18: Ciudad
B20: Pagina Web | U20: Años de Constitución | AD20: Sector al que pertenece
B22: 1.2. Personas De Contacto
B23: Gerente General | K23: E-mail | U23: Teléfono | AD23: Ext. | AK23: Celular
B25: Director Comercial | K25: E-mail | U25: Teléfono | AD25: Ext. | AK25: Celular
B27: Asesor Comercial | K27: E-mail | U27: Teléfono | AD27: Ext. | AK27: Celular
B29: 1.3. Productos Y Servicios Inscritos En El Rup De Acuerdo Con El Unspsc
B30: Incluir Listado Con Breve Descripción De Los Productos Y/o Servicios Que Ofrece La Compañía, Registrados En El Rup (agregue Las Filas Necesarias) | AK30: Código de Naciones Unidas
B36: 1.4. Códigos CIIU | AK36: 1.5. Número De Empleados
B37: Código De Actividad | F37: Descripción Actividad Económica CIIU | AD37: Tarifa ICA
B41: 2. Información Financiera
B42: Nombre Del Indicador | J42: Cuenta | R42: Valores En Pesos a Diciembre 31 De 2013 | Y42: Valores En Pesos a Diciembre 31 De 2014 | AF42: Indicador 2013 | AJ42: Indicador 2014 | AN42: Veces- Porcentaje
B43: Capacidad Financiera | D43: índice De Liquidez | J43: Activo Corriente --> | AF43: =+IFERROR(R43/R44,0) -> 0 | AJ43: =+IFERROR(Y43/Y44,0) -> 0 | AN43: Veces
J44: Pasivo Corriente -->
D45: Índice De Endeudamiento | J45: Pasivo Total--> | AF45: =+IFERROR(R45/R46,0) -> 0 | AJ45: =+IFERROR(Y45/Y46,0) -> 0 | AN45: Porcentaje
J46: Activo Total-->
D47: Razón De Cobertura De Intereses | J47: Utilidad Operacional--> | AF47: =+IFERROR(R47/R48,0) -> 0 | AJ47: =+IFERROR(Y47/Y48,0) -> 0 | AN47: Veces
J48: Gastos De Interés-->
D49: Capital de Trabajo | J49: Activo Corriente--> | AF49: =+R49-R50 -> 0 | AJ49: =+Y49-Y50 -> 0 | AN49: Pesos
J50: Pasivo corriente-->
B51: Capacidad Organizacional | D51: Rentabilidad Del Patrimonio | J51: Utilidad Operacional--> | AF51: =+IFERROR(R51/R52,0) -> 0 | AJ51: =+IFERROR(Y51/Y52,0) -> 0 | AN51: Porcentaje
J52: Patrimonio-->
D53: Rentabilidad Del Activo | J53: Utilidad Operacional--> | AF53: =+IFERROR(R53/R54,0) -> 0 | AJ53: =+IFERROR(Y53/Y54,0) -> 0 | AN53: Porcentaje
J54: Activo Total-->
B55: Nota: Para las empresas inspeccionadas, vigiladas o controladas por la Supersociedades, la información consignada en este numeral será validada con la reportada a la Supersociedades y disponible para consulta en Internet mediante el Sistema de Información y Riesgo Empresarial de la Supersociedades (SIREM). Si se evidencian diferencias en los valores consignados en este formato y los reportados a la Supersociedades se tomará como referencia la información del SIREM.
B56: Otra información relevante de la empresa (consigne en este espacio otra información que considere de interés)

Sheet POLIZAS
B8: CONCEPTOS A TENER EN CUENTA PARA REALIZAR LA COTIZACIÓN DE DOTACIÓN INDUSTRIAL
B11: El presente cuadro es de carácter informativo, no se debe diligenciar. Sin embargo se entiende que la cotización incluye la totalidad de los conceptos relacionados a continuación.
B13: PÓLIZAS PARA LEGALIZACIÓN DEL CONTRATO
B15: CONCEPTO | D15: COBERTURA | E15: PLAZO (En Meses)
B16: Garantía de Seriedad de la oferta | D16: 0.1 | E16: Plazo de Ejecución
B17: Cumplimiento | D17: 0.2 | E17: Plazo de ejecución + 4 meses mas
B18: Salarios, Prestaciones | D18: 0.1 | E18: Plazo de ejecución + 36 meses mas
B19: Calidad de los Servicios | D19: 0.2 | E19: Plazo de ejecución + 4 meses mas
B20: Responsabilidad civil extracontractual | D20: 0.1 | E20: Plazo de Ejecución
B21: Cobertura: Corresponde al porcentaje del valor total del contrato a amparar.

Sheet INFO EXPERIENCIA
B8: EXPERIENCIA EN CONTRATACION EN LOS ULTIMOS 5 AÑOS
B9: EXPERIENCIA EN CONTRATACIÓN EN LOS ÚLTIMOS 5 AÑOS
B11: Empresa: | C11: =+'COTIZACIÓN- MACRO1'!E9 -> 0 | F11: Nit: | G11: =+'COTIZACIÓN- MACRO1'!C10 -> 0 | I11: Fecha: | J11: =+'COTIZACIÓN- MACRO1'!C9 -> 0
B12: Contacto: | C12: =+'COTIZACIÓN- MACRO1'!E10 -> 0 | F12: Cargo: | G12: =+'COTIZACIÓN- MACRO1'!G9 -> 0 | I12: Tel. celular:
B13: E-Mail: | F13: Dirección: | G13: =+'COTIZACIÓN- MACRO1'!G10 -> 0 | I13: Tel. fijo:
B15: Con el fin de conocer la experiencia con la que cuentan las empresas del sector relacionada con el objeto del presente estudio de mercado, agradecemos diligenciar el cuadro que sigue con base en los contratos suscritos en los últimos 5 años, cuyos objetos están relacionados con el objeto del presente estudio de mercado
B17: Tipo de entidad | C17: Entidad o Empresa | D17: Numero del contrato | E17: Objeto del contrato | F17: Fecha de suscripción (dd/mmm/aa) | G17: Plazo de ejecución (en años) | H17: Forma de participación (UT, consorcio, individual) | I17: % de participación | J17: Valor total ejecutado del contrato (de acuerdo con el % de participación)
B29: Nota: Agregar las filas necesarias para reportar la experiencia
